AoeStats
← wujiang

Arabia

510445046Analyzed
2v2 RM · 17h ago on Oct 1, 2026· 27m 8s· 4 players
Game mode
Random Map
Map size
Medium (4 player)
Population
200
Speed
Normal
Resources
Standard
Victory
Conquest
Starting age
Dark Age
Ending age
Imperial Age
RankedLock teamsTeams togetherTeam positionsShared explorationLock speedFull tech treeHidden civsTurbo modeCheats
Victory
Defeat
🇵🇪 Vikings · Peru
904
+13
🇨🇱 Bohemians · Chile
761
+19
🇨🇳 Huns · China
1038
-23
638
-9
Natilla223
2:00 Loom
8:25 Loom
12:11 Feudal Age
13:15 Double-Bit Axe
18:21 Arson
22:23 Forging
27:51 Castle Age
26:02 Scale Mail Armor
25:56 Fletching
Publio Adriano
0:33 Loom
11:05 Feudal Age
22:51 Castle Age
wujiang
7:13 Loom
9:48 Feudal Age
9:52 Man-at-Arms
10:56 Double-Bit Axe
15:35 Padded Archer Armor
16:09 Fletching
21:54 Castle Age
20:32 Horse Collar
20:48 Gold Mining
21:58 Wheelbarrow
22:10 Crossbowman
23:03 Bow Saw
23:06 Bodkin Arrow
24:08 Leather Archer Armor
27:18 Ballistics
你只是一个丑企鹅
10:42 Loom
13:06 Feudal Age
14:35 Double-Bit Axe
14:31 Horse Collar
20:03 Wheelbarrow
25:14 Castle Age
24:06 Fletching
24:17 Padded Archer Armor
25:55 Scale Barding Armor
25:18 Crossbowman
25:58 Bodkin Arrow
25:25 Light Cavalry
26:16 Town Watch
Connection lost

Rejoining the realm…

Still unreachable

The connection could not be restored.

Session expired

The server has moved on; the page needs a fresh start.